AoeStats
← lass

Black Forest

505877439Analyzed
1v1 RM · 22d ago on Sep 11, 2026· 80m 54s· 2 players
Game mode
Random Map
Map size
Tiny (2 player)
Population
200
Speed
Normal
Resources
Standard
Victory
Conquest
Starting age
Dark Age
Ending age
Imperial Age
RankedLock teamsTeams togetherTeam positionsShared explorationLock speedFull tech treeHidden civsTurbo modeCheats
Victory
Defeat
🇪🇸 Huns · Spain
365
+13
🇦🇷 Portuguese · Argentina
294
-13
MAGICO
1:54 Loom
14:20 Feudal Age
15:17 Horse Collar
25:04 Castle Age
23:40 Man-at-Arms
24:07 Arson
25:27 Double-Bit Axe
30:07 Long Swordsman
41:00 Imperial Age
39:53 Bow Saw
42:29 Heavy Plow
42:59 Fortified Wall
45:07 Chemistry
44:22 Cavalier
46:49 Wheelbarrow
51:20 Murder Holes
59:27 Hand Cart
59:20 Husbandry
59:32 Bloodlines
67:21 Two-Man Saw
81:07 Gold Mining
81:08 Stone Mining
lass
10:57 Feudal Age
12:37 Wheelbarrow
11:48 Horse Collar
11:55 Double-Bit Axe
15:32 Gold Mining
17:51 Loom
20:18 Castle Age
19:45 Forging
19:35 Scale Mail Armor
19:38 Padded Archer Armor
19:29 Fletching
20:10 Stone Mining
22:45 Hand Cart
23:36 Gold Shaft Mining
23:06 Heavy Plow
23:19 Bow Saw
24:26 Husbandry
24:36 Bloodlines
23:55 Crossbowman
24:29 Pikeman
25:12 Squires
26:20 Thumb Ring
26:07 Arson
31:59 Imperial Age
30:07 Loom
30:09 Town Watch
30:55 Leather Archer Armor
32:21 Iron Casting
31:42 Bodkin Arrow
31:55 Scale Barding Armor
32:42 Cavalier
34:45 Two-Man Saw
36:47 Blast Furnace
35:47 Bracer
36:03 Chain Mail Armor
36:19 Chain Barding Armor
39:02 Elite Tarkan
39:09 Heavy Cavalry Archer
40:43 Parthian Tactics
43:48 Halberdier
51:35 Paladin
Connection lost

Rejoining the realm…

Still unreachable

The connection could not be restored.

Session expired

The server has moved on; the page needs a fresh start.